 Dungeon Crawl Stone Soup version 0.28-a0-1568-g77cbbf62ba (webtiles) character file.

Game seed: 17007827512331813192

153 GenialerGandalf the Skirmisher (level 5, -1/47 HPs)
             Began as a Hill Orc Fighter on Jan 20, 2022.
             Slain by a water moccasin (7 damage)
             ... on level 4 of the Dungeon.
             The game lasted 00:06:31 (3712 turns).

GenialerGandalf the Skirmisher (Hill Orc Fighter)   Turns: 3712, Time: 00:06:34

Health: -1/47      AC:  7    Str: 21    XL:     5   Next: 35%
Magic:  5/5        EV:  9    Int:  8    God:
Gold:   108        SH:  4    Dex: 10    Spells: 4/4 levels left

rFire   . . .      SeeInvis .   a - +0 war axe
rCold   . . .      Faith    .   c - +0 buckler
rNeg    . . .      Spirit   .   b - +0 scale mail
rPois   .          Reflect  .   (no helmet)
rElec   .          Harm     .   f - scarf {shadows}
rCorr   +          Rampage  .   (no gloves)
Will    .....                   (no boots)
Stlth   ..........              k - amulet of the acrobat
HPRegen 0.15/turn               g - ring of resist corrosion
MPRegen 0.09/turn               (no ring)

@: lethally poisoned (-1 -> -3)
A: no striking features
a: no special abilities


You were on level 4 of the Dungeon.
You visited 1 branch of the dungeon, and saw 4 of its levels.

You collected 108 gold pieces.

Inventory:

Hand Weapons
 a - a +0 war axe (weapon)
Armour
 b - a +0 scale mail (worn)
 c - a +0 buckler (worn)
 f - a scarf of shadows (worn)
Jewellery
 g - a ring of resist corrosion (left hand)
 i - an amulet of faith
 k - an amulet of the acrobat (around neck)
Wands
 p - a wand of mindburst (3)
Scrolls
 e - a scroll of teleportation {unknown}
 j - a scroll of summoning
 n - a scroll of noise
Potions
 d - a potion of flight
 h - a potion of attraction
 l - 2 potions of curing
 m - a potion of cancellation
 o - 3 potions of heal wounds


   Skills:
 + Level 4.7 Fighting
 + Level 4.6 Axes
 + Level 4.4 Armour
 + Level 0.2 Dodging
 + Level 0.2 Stealth
 + Level 3.6 Shields


You had 4 spell levels left.
You didn't know any spells.
Your spell library contained the following spells:

 Spells                   Type           Power      Damage    Failure   Level
 Confusing Touch          Hex            0%         N/A       99%         3
 Yara's Violent Unravell  Hex/Tmut       0%         3d3       100%        5
 Enfeeble                 Hex            0%         N/A       100%        7


Dungeon Overview and Level Annotations

Branches:
Dungeon (4/15)
 Temple: D:4-7

Altars:
Dithmenos
Qazlal
Zin


Message History

Really walk into that dispersal trap?
You enter a dispersal trap!
The water moccasin blinks! x2; The kobold blinks!
The jackal blinks!
The water moccasin blinks! x2; You blink.
You block the water moccasin's attack.
You slash the water moccasin!
The water moccasin is heavily wounded.
The water moccasin bites you but does no damage.
You closely miss the water moccasin.
The water moccasin is heavily wounded.
The water moccasin bites you.
You are poisoned.
The water moccasin poisons you!
The water moccasin bites you but does no damage.
You miss the water moccasin.
The water moccasin is heavily wounded.
You slash the ball python!
You kill the ball python!
You feel very sick. The water moccasin bites you.
The water moccasin completely misses you.
The jackal barely misses you.
You slash the water moccasin!
The water moccasin is almost dead.
You barely miss the jackal.
You feel sick. The water moccasin bites you. The jackal barely misses you.
The water moccasin bites you.
* * * LOW HITPOINT WARNING * * *
You hit the water moccasin but do no damage.
The water moccasin is almost dead.
You hit the jackal.
You feel sick.
The jackal bites you but does no damage.
The water moccasin bites you but does no damage.
The jackal bites you but does no damage.
The water moccasin bites you but does no damage.
You closely miss the water moccasin.
The water moccasin is almost dead.
You miss the jackal.
You feel sick. The jackal bites you.
* * * LOW HITPOINT WARNING * * *
The water moccasin closely misses you. You block the jackal's attack.
The water moccasin bites you!
You die...

.##.#.## #....§....#
.......# #.........#
.......# ##.........#
.....h.####..^.......#
..>...h#§§...........#
.......#.###.........#
......h..# #..K......#
.......### #....S....#
......?# #...h@....#
........ ###.#######
........ # #.......
......


You could see a water moccasin, a jackal and a kobold.

Vanquished Creatures
  3 gnolls (D:3)
  6 adders
  A dart slug (D:1)
  5 bats
  8 endoplasms
  2 giant cockroaches
  11 goblins
  5 hobgoblins
  6 quokkas
  9 ball pythons
  3 frilled lizards (D:1)
  3 kobolds
  A rat (D:1)
63 creatures vanquished.

Notes
Turn   | Place    | Note
-------+----------+-------------------------------------------
     0 | D:1      | GenialerGandalf the Hill Orc Fighter began the quest for
                  | the Orb.
     0 | D:1      | Reached XP level 1. HP: 19/19 MP: 1/1
    98 | D:1      | Reached XP level 2. HP: 5/27 MP: 2/2
   884 | D:1      | Found a faded altar of an unknown god.
  1128 | D:2      | Reached XP level 3. HP: 33/33 MP: 3/3
  1526 | D:2      | Reached XP level 4. HP: 20/41 MP: 4/4
  2403 | D:3      | Found a stormy altar of Qazlal.
  2405 | D:3      | Found a shadowy altar of Dithmenos.
  2481 | D:3      | Reached XP level 5. HP: 27/47 MP: 5/5
  3238 | D:3      | Found a glowing silver altar of Zin.
  3666 | D:4      | Noticed a water moccasin
  3712 | D:4      | Slain by a water moccasin

Illustrated notes

Levels and vault maps discovered:
D:1:      amcnicky_arrival_feature_with_door, layout_basic,
          basic_ecumenical_altar
D:2:      layout_basic
D:3:      layout_loops_corners, zin_treasury,
          chequers_temple_overflow_statue_of_worship, kennysheep_generic_room_7
D:4:      layout_rooms, gammafunk_ghost_cemetery

Skill      XL: |  1  2  3  4 |
---------------+-------------+-----
Fighting       | 4 |  4.7
Axes           | 3 4 |  4.6
Armour         | 4 |  4.4
Dodging        | |  0.2
Stealth        | |  0.2
Shields        | |  3.6

Action                   |  1- 3 |  4- 6 || total
-------------------------+-------+-------++-------
Melee: War axe           |   111 |    94 ||   205
  Use: Potion            |       |     1 ||     1
       Scroll            |       |     7 ||     7
Armor: Scale mail        |    56 |    39 ||    95
Dodge: Dodged            |    82 |    73 ||   155
Block: Buckler           |    26 |    26 ||    52

Table legend: (Time is in decaauts)
 A = Elapsed time spent in this place.
 B = Non-inter-level travel time spent in this place.
 C = Inter-level travel time spent in this place.
 D = Time resting spent in this place.
 E = Time spent auto-exploring this place.
 F = Levels seen in this place.
 G = Mean time per level.
                   A        B        C        D        E       F      G
               +--------+--------+--------+--------+--------+-----+--------+
         Total |   3784 |   3726 |     58 |     71 |   2930 |   4 |  946.0 |
       Dungeon |   3784 |   3726 |     58 |     71 |   2930 |   4 |  946.0 |
               +--------+--------+--------+--------+--------+-----+--------+

Top non-repeatable levels by time:
     D:3: 1224 daAuts
     D:2: 1095 daAuts
     D:1: 1075 daAuts
     D:4: 389 daAuts
